[Event "Monday 02 April Rapid Engine Tour 12+1 Rounds 9 Starts 1600ST"]
[Site "Infinity Chess"]
[Date "2018.4.2"]
[Round "8"]
[White "Eman"]
[Black "KRAKEN"]
[Result "1/2-1/2"]
[ECO "D02"]
[WhiteElo "2501"]
[BlackElo "2468"]
[WhiteEngine "Eman 1.70-beta13 64-bit POPCNT"]
[BlackEngine "Raubfisch X38_CTG"]
[EventType "Swiss"]
[WhiteTeam ""]
[BlackTeam ""]
[PlyCount "220"]
[TimeControl "720+1"]

1. d4 d5 2. Nf3 Nf6 3. c4 e6 4. Nc3 c6 5. Bg5 h6 6. Bxf6 Qxf6 7. e3 Nd7 
8. Bd3 dxc4 9. Bxc4 Bd6 10. Qc2 Qe7 11. O-O O-O 12. a3 Nf6 13. e4 e5 
14. dxe5 Bxe5 15. Rae1 Bxc3 16. Qxc3 Rd8 17. Re3 Be6 18. Bxe6 Qxe6 19. Rfe1 Re8 
20. h3 Rad8 21. b4 a6 22. Qc5 Qd7 23. Qc4 Qe6 24. Qc3 Kh8 25. Nh4 Kh7 
26. Qc2 Nh5 27. e5+ g6 28. Nf3 Ng7 29. Nd2 Nf5 30. Rd3 Nd4 31. Qd1 Qf5 
32. Ne4 Qxe5 33. Rde3 Ne6 34. Qf3 Kg7 35. Nc5 Qf6 36. Nxb7 Qxf3 37. gxf3 Rd5 
38. Nc5 a5 39. Nxe6+ fxe6 40. Rxe6 Rxe6 41. Rxe6 axb4 42. axb4 Rb5 43. Re4 c5 
44. bxc5 Rxc5 45. Kg2 h5 46. f4 Kf6 47. Re3 Kf5 48. Kg3 Rb5 49. Kf3 Rb4 
50. Re5+ Kf6 51. Re8 Kf7 52. Re1 Rb6 53. h4 Rb5 54. Kg2 Rb4 55. Kf3 Rb3+ 
56. Kg2 Rb4 57. Kg3 Rb6 58. f3 Rb7 59. Re5 Kf6 60. Re8 Kf7 61. Rd8 Ke6 
62. Ra8 Kf6 63. Ra6+ Kf5 64. Ra5+ Kf6 65. Rd5 Rb3 66. Rd6+ Kf5 67. Rc6 Rd3 
68. Rb6 Rd4 69. Ra6 Rb4 70. Rc6 Rd4 71. Rc5+ Kf6 72. Rc7 Rd3 73. Rb7 Kf5 
74. Rf7+ Ke6 75. Rf8 Rd7 76. Re8+ Kf6 77. Rg8 Kf5 78. Rf8+ Ke6 79. Rg8 Kf6 
80. Ra8 Rd3 81. Ra5 Rd4 82. Ra6+ Kf5 83. Rb6 Rd3 84. Rb1 Kf6 85. Rb7 Ke6 
86. Rb5 Kf6 87. Rb2 Rd4 88. Rb8 Rd3 89. Rb2 Ra3 90. Rb6+ Kf5 91. Rc6 Rb3 
92. Rc2 Rd3 93. Rc1 Ra3 94. Rd1 Rc3 95. Rd7 Kf6 96. Rd5 Ra3 97. Rd7 Kf5 
98. Rb7 Ra5 99. Rb4 Ra3 100. Rb5+ Kf6 101. f5 gxf5 102. Rb6+ Ke5 103. Rb5+ Kf6 
104. Kf4 Ra4+ 105. Kg3 f4+ 106. Kh3 Ra3 107. Rxh5 Rxf3+ 108. Kg4 Rg3+ 
109. Kxf4 Rg1 110. Rd5 Rf1+ 1/2-1/2

[Event "Monday 02 April Rapid Engine Tour 12+1 Rounds 9 Starts 1600ST"]
[Site "Infinity Chess"]
[Date "2018.4.2"]
[Round "8"]
[White "Macho"]
[Black "Brtroy"]
[Result "1/2-1/2 "]
[ECO "C50"]
[WhiteElo "2462"]
[BlackElo "2505"]
[WhiteEngine "Cfish 2018-04-01 64 POPC_CTG"]
[BlackEngine "Stockfish_18040103_x64_bmi2_CTG"]
[EventType "Swiss"]
[WhiteTeam ""]
[BlackTeam ""]
[PlyCount "302"]
[TimeControl "720+1"]

1. e4 e5 2. Nf3 Nc6 3. Bc4 Bc5 4. O-O Nf6 5. d3 a5 6. c3 d6 7. Bb3 O-O 8. Re1 h6 
9. h3 Ba7 10. Nbd2 b5 11. a4 b4 12. Bc4 Be6 13. Bb5 Ne7 14. d4 c6 15. Bd3 Ng6 
16. Nb3 Rb8 17. c4 Qc7 18. Qc2 Nh5 19. Be3 c5 20. d5 Bd7 21. Qd1 Nhf4 
22. Bc2 Qc8 23. Nxa5 Bb6 24. Bxf4 Nxf4 25. Nc6 Bxc6 26. dxc6 Ba5 27. b3 Qxc6 
28. h4 Ra8 29. Bd3 Bd8 30. g3 Ne6 31. Bf1 Be7 32. Ra2 Qc7 33. Rd2 Qb8 
34. Bh3 Nd8 35. Nh2 Nc6 36. Ng4 Nd4 37. Ne3 Bf6 38. Nf5 Ra7 39. Bf1 Re8 
40. Nxd4 cxd4 41. Qg4 Qd8 42. Bd3 Re6 43. Bf1 Re8 44. Bh3 Qe7 45. Rdd1 Rea8 
46. Qf3 Rc7 47. Kg2 Rc5 48. Qe2 Qc7 49. Bg4 Qa7 50. Rh1 Qe7 51. Qf3 Rc6 
52. Qe2 Re8 53. Qe1 Qb7 54. Qd2 Re7 55. Bh5 Rc8 56. Bf3 Rc5 57. Rb1 Qb6 
58. Be2 Re8 59. Bg4 Re7 60. Rbd1 Qc6 61. Rde1 Qb7 62. Bh5 Re8 63. Bf3 Qb6 
64. Be2 Rc7 65. Rhf1 Rb8 66. Rd1 Ra7 67. Bf3 Qb7 68. Rfe1 Qc7 69. Rb1 Qe7 
70. Rbd1 Qb7 71. Rh1 Re8 72. Qe2 Qe7 73. Bg4 Qc7 74. Rhf1 Qb7 75. Rh1 Bd8 
76. Bh5 Qb6 77. Bg4 Qb7 78. Bf3 Qd7 79. Rc1 Qc6 80. Rcf1 Bb6 81. Re1 Bd8 
82. Ref1 Bc7 83. Qd3 Bd8 84. Bd1 Ra5 85. Re1 Bf6 86. Bg4 Rc5 87. h5 Bg5 
88. Bf5 Ra5 89. Rhf1 Rea8 90. Ra1 Qb7 91. Rad1 Qc7 92. Rh1 Bf6 93. Qd2 Qb7 
94. Qe2 Qb6 95. Bg4 R5a7 96. Bf5 Qc6 97. Rhe1 Qb7 98. Rf1 Qc6 99. Qc2 Qb6 
100. Rh1 Qc6 101. Rhf1 Bg5 102. Qd3 Qc5 103. Qc2 Re7 104. Qe2 Bf6 105. Rh1 Rea7 
106. Qd3 Re7 107. Rde1 Qb6 108. Rb1 Qc7 109. Ra1 Bg5 110. Rad1 Ree8 
111. Rde1 Qb7 112. Rb1 Red8 113. Rbf1 Qc7 114. Qf3 Qc6 115. Qe2 Ra7 116. Rd1 Rb8 
117. Qd3 Qc7 118. Bg4 Qb6 119. Bf5 Bf6 120. Rde1 Bg5 121. Rd1 Bf6 122. Rhf1 Raa8 
123. Qe2 Qb7 124. Rh1 Bg5 125. Qd3 Qc7 126. Bg4 Re8 127. Qe2 Ra7 128. Ra1 Qc5 
129. Bf5 Rb7 130. Rae1 Ra8 131. Ref1 Bf6 132. Rd1 Be7 133. f4 Qc6 134. Rhe1 Qc5 
135. Rf1 Rbb8 136. Qg4 Qc7 137. Rfe1 Kh8 138. Rf1 Qb7 139. Rd2 Bf6 140. Rdd1 Be7 
141. Rfe1 Bf6 142. Qf3 Ra5 143. Rh1 Raa8 144. Rhe1 Qa7 145. Rg1 Qb7 
146. Rgf1 Be7 147. Qe2 Bf6 148. Qd3 Re8 149. Qf3 Qe7 150. Qg4 Qc7 151. Rfe1 Ra5 
1/2-1/2

[Event "Monday 02 April Rapid Engine Tour 12+1 Rounds 9 Starts 1600ST"]
[Site "Infinity Chess"]
[Date "2018.4.2"]
[Round "8"]
[White "ivrdurant"]
[Black "OlivierEvan"]
[Result "1/2-1/2"]
[ECO "B06"]
[WhiteElo "2458"]
[BlackElo "2481"]
[WhiteEngine "Raubfisch ME262_GTZ16d4"]
[BlackEngine "Houdini 6"]
[EventType "Swiss"]
[WhiteTeam ""]
[BlackTeam ""]
[PlyCount "155"]
[TimeControl "720+1"]

1. e4 g6 2. d4 Bg7 3. Nf3 d6 4. c3 Nf6 5. Bd3 Nbd7 6. h3 O-O 7. O-O e5 
8. Re1 Re8 9. d5 c6 10. c4 cxd5 11. cxd5 Nc5 12. Bc2 Bd7 13. a4 a5 14. Nc3 Rc8 
15. Be3 Nh5 16. Nb5 Qe7 17. b3 Nf4 18. Nd2 Na6 19. Rc1 Nb4 20. Nc4 Bxb5 
21. axb5 Na2 22. Ra1 Nc3 23. Qf3 a4 24. g3 Nxb5 25. gxf4 exf4 26. Qxf4 Be5 
27. Qh6 Bg7 28. Qf4 Be5 29. Qg5 Bf6 30. Qg2 Bxa1 31. Rxa1 axb3 32. Bxb3 Qxe4 
33. Nb6 Rc3 34. Qxe4 Rxe4 35. Bh6 Nc7 36. Nd7 Rh4 37. Nf6+ Kh8 38. Bg5 Rhxh3 
39. Ne4 Rxb3 40. Bf6+ Kg8 41. Rc1 h6 42. Rxc7 g5 43. Nxd6 Rhf3 44. Ne8 Rbd3 
45. d6 Rxd6 46. Nxd6 Rxf6 47. Rd7 b6 48. Kg2 Kf8 49. Ne4 Re6 50. Ng3 Kg7 
51. f4 gxf4 52. Nh5+ Kg8 53. Nxf4 Rc6 54. Rd5 Kg7 55. Kg3 Rc3+ 56. Kg4 Rc5 
57. Rd6 Rg5+ 58. Kh4 Rb5 59. Nh5+ Kh7 60. Ng3 Kg7 61. Nh5+ Kh7 62. Rc6 Rb4+ 
63. Kg3 Rb3+ 64. Kf2 Rb5 65. Nf6+ Kg6 66. Ne4+ Kg7 67. Ke3 Rb1 68. Nd6 Kg6 
69. Ne4+ Kg7 70. Nc3 Rc1 71. Kd2 Ra1 72. Nd5 h5 73. Nf4 h4 74. Rxb6 f5 
75. Rb3 h3 76. Rxh3 Ra2+ 77. Kc1 Kf6 78. Rb3 1/2-1/2

[Event "Monday 02 April Rapid Engine Tour 12+1 Rounds 9 Starts 1600ST"]
[Site "Infinity Chess"]
[Date "2018.4.2"]
[Round "8"]
[White "MarioDeMonti"]
[Black "SkyPilot"]
[Result "1/2-1/2"]
[ECO "C53"]
[WhiteElo "2511"]
[BlackElo "2497"]
[WhiteEngine "stockfish_x64_bmi2_2018_02_18_CTG"]
[BlackEngine "stockfish_x64_bmi2_2018_03_30_CTG"]
[EventType "Swiss"]
[WhiteTeam ""]
[BlackTeam ""]
[PlyCount "120"]
[TimeControl "720+1"]

1. e4 e5 2. Nf3 Nc6 3. Bc4 Bc5 4. c3 Nf6 5. d3 d6 6. O-O O-O 7. h3 a5 8. Nbd2 h6 
9. Re1 Be6 10. a4 Ba7 11. b3 d5 12. exd5 Nxd5 13. Ne4 Bb6 14. Bd2 f5 15. Ng3 Qd6 
16. Qc2 Rae8 17. Bc1 Bc5 18. Re2 Nb6 19. d4 exd4 20. cxd4 Nxd4 21. Bxe6+ Rxe6 
22. Nxd4 Bxd4 23. Ba3 c5 24. Rd1 Qc6 25. Rxe6 Qxe6 26. Bxc5 Bxc5 27. Qxc5 Qxb3 
28. Rd4 Nxa4 29. Qe5 b5 30. Kh2 Kh7 31. Nxf5 Qf7 32. Rg4 g6 33. Nh4 h5 
34. Rg3 Qf6 35. Qe4 Nc5 36. Qc2 Rg8 37. Nf3 Ne6 38. Qc6 Rf8 39. Qxb5 Qf4 
40. h4 a4 41. Qd7+ Ng7 42. Ng5+ Kh6 43. Nh3 Qxh4 44. Qd2+ Kh7 45. Kg1 Qe7 
46. Rd3 Rf5 47. Rd8 g5 48. g3 a3 49. Ra8 Qc5 50. Qd3 Ne6 51. Rxa3 Qd5 
52. Qxd5 Rxd5 53. f3 Rd1+ 54. Kg2 g4 55. fxg4 hxg4 56. Nf4 Rd2+ 57. Kf1 Nxf4 
58. gxf4 Kg6 59. Ra5 g3 60. Rg5+ Kf6 1/2-1/2

[Event "Monday 02 April Rapid Engine Tour 12+1 Rounds 9 Starts 1600ST"]
[Site "Infinity Chess"]
[Date "2018.4.2"]
[Round "8"]
[White "Murx"]
[Black "MCDermont"]
[Result "1/2-1/2"]
[ECO "C11"]
[WhiteElo "2509"]
[BlackElo "2505"]
[WhiteEngine "BrainFish_180329_x64_modern"]
[BlackEngine "BrainFish 010418 WM_CTG"]
[EventType "Swiss"]
[WhiteTeam ""]
[BlackTeam ""]
[PlyCount "140"]
[TimeControl "720+1"]

1. e4 e6 2. d4 d5 3. Nc3 Nf6 4. e5 Nfd7 5. f4 c5 6. Nf3 Nc6 7. Be3 cxd4 
8. Nxd4 Qb6 9. Qd2 Qxb2 10. Rb1 Qa3 11. Bb5 Nxd4 12. Bxd4 a6 13. Bxd7+ Bxd7 
14. Rb3 Qe7 15. Rxb7 Rc8 16. O-O Qd8 17. f5 exf5 18. Qd3 Bc5 19. Bxc5 Rxc5 
20. Nxd5 Bc8 21. Re7+ Kf8 22. Qa3 Qa5 23. Qxa5 Rxa5 24. Rc7 Be6 25. Nf4 Rxe5 
26. Nxe6+ Rxe6 27. Rxf5 Re7 28. Rc8+ Re8 29. Rfc5 Ke7 30. R8c6 g6 31. Rc4 a5 
32. Kf2 Kf8 33. R6c5 Ra8 34. Rc7 Kg7 35. Rf4 Rhf8 36. Ke2 Rad8 37. Re7 h6 
38. c4 g5 39. Rf2 Rd4 40. c5 Kg6 41. c6 f5 42. c7 Kf6 43. Rf7+ Rxf7 
44. Rxf5+ Kxf5 45. c8=Q+ Rdd7 46. Qa6 a4 47. Qxh6 Rfe7+ 48. Kf1 Rd1+ 
49. Kf2 Rd2+ 50. Kf1 Rxa2 51. g4+ Kxg4 52. h3+ Kf5 53. Qf8+ Ke6 54. Qg8+ Rf7+ 
55. Kg1 a3 56. Qe8+ Kf6 57. Qh8+ Kf5 58. Qc8+ Kf6 59. Qe8 Ra1+ 60. Kg2 Ra2+ 
61. Kg3 Rb2 62. Qc6+ Kg7 63. Qc3+ Kg6 64. Qxa3 Rd2 65. h4 Rfd7 66. Qa6+ Kf5 
67. Qc8 gxh4+ 68. Kxh4 Ke4 69. Qc6+ Kf5 70. Qf3+ Ke6 1/2-1/2

[Event "Monday 02 April Rapid Engine Tour 12+1 Rounds 9 Starts 1600ST"]
[Site "Infinity Chess"]
[Date "2018.4.2"]
[Round "8"]
[White "star99"]
[Black "xeonrocks"]
[Result "1/2-1/2"]
[ECO "C50"]
[WhiteElo "2407"]
[BlackElo "2559"]
[WhiteEngine "Cryptic Heroes 9.2B"]
[BlackEngine "Stockfish_x64_bmi2_CTG"]
[EventType "Swiss"]
[WhiteTeam ""]
[BlackTeam ""]
[PlyCount "147"]
[TimeControl "720+1"]

1. e4 e5 2. Nf3 Nc6 3. Bc4 Bc5 4. O-O Nf6 5. d3 d6 6. Nc3 a5 7. Bg5 h6 
8. Bxf6 Qxf6 9. Nd5 Qd8 10. Ne3 O-O 11. c3 Bxe3 12. fxe3 Nb8 13. d4 Nd7 
14. Qe1 Nf6 15. dxe5 dxe5 16. Nxe5 Qe7 17. Qg3 Be6 18. Bxe6 Qxe6 19. Nf3 Qb6 
20. e5 Qxe3+ 21. Qf2 Qxf2+ 22. Kxf2 Ng4+ 23. Kg1 Ne3 24. Rf2 Rfe8 25. Re1 Nd5 
26. Rd2 Nb6 27. Re4 Rad8 28. Rxd8 Rxd8 29. Kf2 Kf8 30. e6 fxe6 31. Rxe6 Na4 
32. Re2 Rd1 33. Rc2 c6 34. Ne5 Nc5 35. Ke3 a4 36. Rd2 Rh1 37. g3 Ke7 
38. Kd4 Ne6+ 39. Kd3 Re1 40. Nf3 Rc1 41. Re2 Kd6 42. Ne5 Nc5+ 43. Kc4 Na6 
44. Nf7+ Kd7 45. Ne5+ Kc7 46. Rd2 b5+ 47. Kd4 Re1 48. c4 Kd6 49. Nd3 Re7 
50. Kc3 Re3 51. Kd4 Re7 52. c5+ Kc7 53. b3 a3 54. Rf2 g5 55. h4 gxh4 56. gxh4 h5 
57. b4 Kc8 58. Kc3 Kb7 59. Rf3 Kb8 60. Kb3 Re4 61. Kxa3 Rxh4 62. Kb3 Re4 
63. a3 Nc7 64. Rf6 Re3 65. Kc2 Nd5 66. Rxc6 Re2+ 67. Kb1 h4 68. Rh6 Nc3+ 
69. Kc1 Kc7 70. Rxh4 Na2+ 71. Kb1 Nc3+ 72. Kc1 Na2+ 73. Kb1 Nc3+ 74. Kc1 1/2-1/2

[Event "Monday 02 April Rapid Engine Tour 12+1 Rounds 9 Starts 1600ST"]
[Site "Infinity Chess"]
[Date "2018.4.2"]
[Round "7"]
[White "fati64"]
[Black "Dovahkiin"]
[Result "1/2-1/2"]
[ECO "B90"]
[WhiteElo "2448"]
[BlackElo "2372"]
[WhiteEngine "S_XPrO .64"]
[BlackEngine "BrainFish_180329_x64_modern_CTG"]
[EventType "Swiss"]
[WhiteTeam ""]
[BlackTeam ""]
[PlyCount "169"]
[TimeControl "720+1"]

1. e4 c5 2. Nf3 d6 3. d4 cxd4 4. Nxd4 Nf6 5. Nc3 a6 6. Be3 e5 7. Nb3 Be6 
8. f3 h5 9. Nd5 Bxd5 10. exd5 Nbd7 11. Qd2 g6 12. Be2 Bg7 13. O-O b6 14. c4 O-O 
15. Rae1 Re8 16. Bf2 Qc7 17. Bd3 Kh7 18. a4 Bh6 19. Qd1 Bg5 20. g3 Bh6 
21. Nd2 Nc5 22. Ne4 Ncxe4 23. fxe4 Ng4 24. Qe2 Nxf2 25. Qxf2 Rf8 26. Ra1 Qc5 
27. Kh1 Qxf2 28. Rxf2 a5 29. Rf6 Rad8 30. Raf1 Kg7 31. R6f3 Bg5 32. h4 Bd2 
33. Kg2 f6 34. Kf2 Rc8 35. b3 Bb4 36. Ke2 Bc5 37. Kd2 Bd4 38. Kc2 Rf7 
39. Kd2 Rh8 40. Ke2 Rb8 41. Rb1 Rff8 42. Bc2 Rbc8 43. Rbf1 Rce8 44. Rc1 Ra8 
45. Rcf1 Rab8 46. Re1 Bc5 47. Bd3 Rbc8 48. Ref1 Bb4 49. Bc2 Ra8 50. Kf2 Kf7 
51. Kg2 Kg7 52. Kf2 Bc5+ 53. Ke1 Rae8 54. Ke2 Rd8 55. Bd3 Rde8 56. Bc2 Bb4 
57. Ke3 Rb8 58. Kd3 Bc5 59. Ke2 Bb4 60. Ra1 Rbc8 61. Rc1 Ra8 62. Rcf1 Rac8 
63. Bd3 Rce8 64. Bc2 Bc5 65. Re1 Rc8 66. Ref1 Rce8 67. Re1 Bd4 68. Rb1 Rc8 
69. Rbf1 Rcd8 70. Kd3 Bc5 71. Ke2 Bd4 72. Kd3 Bc5 73. Bd1 Rc8 74. Ke2 Rb8 
75. Bc2 Rbd8 76. Bd3 Rf7 77. Bb1 Rb8 78. Bc2 Bd4 79. Re1 Ra8 80. Ref1 Rd8 
81. Re1 Rff8 82. Rb1 Ra8 83. Bd3 Rab8 84. Rbf1 Rbd8 85. Kd1 1/2-1/2

[Event "Monday 02 April Rapid Engine Tour 12+1 Rounds 9 Starts 1600ST"]
[Site "Infinity Chess"]
[Date "2018.4.2"]
[Round "7"]
[White "CrapCleaner"]
[Black "Vimtiroba"]
[Result "1/2-1/2"]
[ECO "C50"]
[WhiteElo "2407"]
[BlackElo "2428"]
[WhiteEngine "Raubfisch ME262_GTZ16e2_CTG"]
[BlackEngine "SF9 ''A1a''_CTG"]
[EventType "Swiss"]
[WhiteTeam ""]
[BlackTeam ""]
[PlyCount "87"]
[TimeControl "720+1"]

1. e4 e5 2. Nf3 Nc6 3. Bc4 Bc5 4. O-O d6 5. d3 Nf6 6. c3 a5 7. Nbd2 O-O 
8. Re1 Be6 9. Bb5 h6 10. Nf1 Ne7 11. d4 exd4 12. cxd4 Ba7 13. Ng3 d5 14. e5 Ne4 
15. Nxe4 dxe4 16. Rxe4 c5 17. Bd3 Nc6 18. Qe2 Re8 19. Rf4 Bd5 20. Rg4 Re6 
21. Bf4 c4 22. Bxc4 Bxc4 23. Qxc4 Nxd4 24. Qd3 Nxf3+ 25. Qxf3 Qd4 26. Rb1 Rd8 
27. h3 Qd3 28. Qxd3 Rxd3 29. Kf1 Bb8 30. Ke2 Rd8 31. Rd1 Rxd1 32. Kxd1 Bxe5 
33. Bxe5 Rxe5 34. Rd4 b5 35. a3 a4 36. Kc2 g5 37. Kd3 Kg7 38. Rd8 h5 39. g3 Rf5 
40. Ke2 Kf6 41. Rg8 Ke6 42. Rh8 Kd5 43. Rxh5 Kc4 44. f4 1/2-1/2

[Event "Monday 02 April Rapid Engine Tour 12+1 Rounds 9 Starts 1600ST"]
[Site "Infinity Chess"]
[Date "2018.4.2"]
[Round "7"]
[White "IronMan"]
[Black "MGR"]
[Result "1-0"]
[ECO "A05"]
[WhiteElo "2451"]
[BlackElo "2469"]
[WhiteEngine "Eman 1.70-beta13 64-bit BMI2"]
[BlackEngine "asmFishW_2018-02-19_bmi2"]
[EventType "Swiss"]
[WhiteTeam ""]
[BlackTeam ""]
[PlyCount "295"]
[TimeControl "720+1"]

1. Nf3 Nf6 2. d4 d5 3. e3 e6 4. c4 Be7 5. Nc3 O-O 6. a3 c5 7. cxd5 Nxd5 
8. Bd3 Nxc3 9. bxc3 Nc6 10. Bb2 b6 11. Qc2 h6 12. O-O Bb7 13. Qe2 Rc8 
14. Rad1 Qc7 15. e4 Rfe8 16. Rfe1 Bf8 17. h3 Qf4 18. Nh2 Qh4 19. Bb5 cxd4 
20. cxd4 Qe7 21. Ng4 Red8 22. Ne3 Nb8 23. d5 Nd7 24. Qf3 Nc5 25. Ng4 Qg5 
26. Ne5 f6 27. Nc6 Bxc6 28. Bxc6 e5 29. Re3 Rc7 30. Qe2 Qg6 31. a4 Bd6 
32. Ra1 Rb8 33. Qc2 Nb7 34. Rg3 Qh5 35. Bc3 Bc5 36. Kh2 Nd8 37. Bb5 Nb7 
38. Bc6 Bd6 39. Re1 Rbc8 40. Qb2 Qf7 41. Kg1 h5 42. Bb4 Bxb4 43. Qxb4 Qf8 
44. Qb1 h4 45. Rge3 Na5 46. Bb5 Nc4 47. Rd3 Nd6 48. Bc6 g5 49. Qb2 Nf7 
50. Qe2 Kg7 51. Rd2 Nd8 52. Red1 Qd6 53. Bb5 Rc1 54. Qg4 R8c7 55. Rd3 Nb7 
56. Ba6 Nd8 57. Bb5 Nb7 58. Bc6 Rc4 59. Be8 Nc5 60. Re3 Rd4 61. Rf1 Qe7 
62. Qh5 Rc8 63. Qg6+ Kf8 64. Bb5 Qf7 65. Qf5 Rd8 66. Qf3 Kg7 67. Rfe1 a6 
68. Bc6 a5 69. Bb5 Rc8 70. Rc3 Qg6 71. Bd7 Rh8 72. Bf5 Qe8 73. Ra3 Nxa4 
74. Rb3 Rb4 75. d6 Rc4 76. d7 Qd8 77. Reb1 Qc7 78. Rd3 Nc5 79. Rd5 Nb7 
80. Qa3 Rc5 81. Rbd1 Nd8 82. Bg4 Kf7 83. Qb2 Rc2 84. Qb3 Rc3 85. Qb1 Kg7 
86. Qb2 Rc6 87. Kh2 Kf7 88. R1d2 Rc4 89. Rb5 Rc6 90. Qa3 Rc3 91. Qb2 Rc6 
92. Qb3+ Kg7 93. Qa3 Kf7 94. Rdb2 Ne6 95. Qa2 Ke7 96. Qb1 Rb8 97. Rxa5 Rd6 
98. Ra3 Qc6 99. Rc2 Nc5 100. d8=Q+ Rbxd8 101. Ra7+ R8d7 102. Rxd7+ Rxd7 
103. Bxd7 Kxd7 104. f3 Ke7 105. Rd2 Qc7 106. Rb2 Nd7 107. Rc2 Nc5 108. Qb4 Qd6 
109. Rd2 Qc7 110. Ra2 Qd6 111. Ra8 f5 112. Qc4 Qd2 113. Ra7+ Kd6 114. exf5 b5 
115. Qg4 Qf4+ 116. Qxf4 exf4 117. f6 Ne6 118. Ra8 b4 119. Ra6+ Kd7 120. Ra7+ Kd6 
121. f7 Nf8 122. Ra5 Ke7 123. Rxg5 b3 124. Re5+ Kxf7 125. Rf5+ Kg7 126. Rxf4 Ng6 
127. Rb4 Ne5 128. Rxb3 Nc6 129. Rb6 Nd4 130. Rb4 Nf5 131. Rg4+ Kh6 132. Rf4 Ne3 
133. Rxh4+ Kg5 134. Re4 Nd1 135. h4+ Kh6 136. g4 Nc3 137. h5 Nd5 138. Re6+ Kh7 
139. g5 Nf4 140. Rf6 Nd5 141. Rf7+ Kg8 142. g6 Nb4 143. h6 Nc6 144. h7+ Kh8 
145. Rf8+ Kg7 146. h8=Q+ Kxg6 147. Rf6+ Kg5 148. Qh6# 1-0

[Event "Monday 02 April Rapid Engine Tour 12+1 Rounds 9 Starts 1600ST"]
[Site "Infinity Chess"]
[Date "2018.4.2"]
[Round "7"]
[White "KhalidOmar"]
[Black "Thinker"]
[Result "1/2-1/2"]
[ECO "E10"]
[WhiteElo "2432"]
[BlackElo "2457"]
[WhiteEngine "Eman 1.70-beta13 64-bit BMI2"]
[BlackEngine "BrainFish_180329_x64_modern_CTG"]
[EventType "Swiss"]
[WhiteTeam ""]
[BlackTeam ""]
[PlyCount "122"]
[TimeControl "720+1"]

1. d4 Nf6 2. c4 e6 3. Nf3 d5 4. g3 Bb4+ 5. Bd2 Be7 6. Bg2 O-O 7. Qc2 c6 
8. O-O Nbd7 9. Bf4 b6 10. Rd1 Bb7 11. Ne5 Nh5 12. Bd2 Nhf6 13. cxd5 cxd5 
14. Nc6 Bxc6 15. Qxc6 Rc8 16. Qb5 Nb8 17. a3 Ne8 18. Nc3 Nd6 19. Qd3 Bf6 
20. b3 Nc6 21. e3 g6 22. Rac1 Qd7 23. h4 Rfd8 24. Bh3 Ne8 25. Qb1 Be7 
26. Qb2 Bf8 27. Be1 Qe7 28. Ra1 Qb7 29. Bf1 Rc7 30. Bd3 Rdc8 31. Qe2 Nb8 
32. Na2 h5 33. a4 Nd6 34. Rab1 Be7 35. b4 a6 36. a5 b5 37. Nc1 Nc4 38. Nb3 Na3 
39. Rbc1 Rxc1 40. Nxc1 Nc6 41. Bxg6 fxg6 42. Qd3 Bxb4 43. Bxb4 Nxb4 44. Qxa3 Rc4 
45. Nb3 Qe7 46. Nd2 Rc2 47. Qb3 Qf8 48. e4 Kg7 49. exd5 Rb2 50. Qc3 Rc2 
51. Qb3 Rb2 52. Qxb2 Nd3 53. Qc2 Qxf2+ 54. Kh1 Qxg3 55. Rf1 Qxh4+ 56. Kg1 Qxd4+ 
57. Kh1 Qh4+ 58. Kg1 Qg3+ 59. Kh1 Qh4+ 60. Kg1 Qg5+ 61. Kh1 Qh4+ 1/2-1/2

[Event "Monday 02 April Rapid Engine Tour 12+1 Rounds 9 Starts 1600ST"]
[Site "Infinity Chess"]
[Date "2018.4.2"]
[Round "7"]
[White "Mr Aj"]
[Black "CoffeeOne"]
[Result "1/2-1/2"]
[ECO "D30"]
[WhiteElo "2436"]
[BlackElo "2469"]
[WhiteEngine "Houdini 6"]
[BlackEngine "Houdini 6"]
[EventType "Swiss"]
[WhiteTeam ""]
[BlackTeam ""]
[PlyCount "93"]
[TimeControl "720+1"]

1. d4 d5 2. c4 e6 3. Nf3 Nf6 4. Nc3 dxc4 5. e4 Bb4 6. Bg5 c5 7. Bxc4 cxd4 
8. Nxd4 Bxc3+ 9. bxc3 Qa5 10. Bxf6 Qxc3+ 11. Kf1 gxf6 12. Rc1 Qa5 13. h4 Ke7 
14. Rh3 Nc6 15. Nxc6+ bxc6 16. Rd3 Rd8 17. Rxd8 Qxd8 18. Qf3 Rb8 19. Qa3+ Qd6 
20. Qxa7+ Rb7 21. Qe3 Rb4 22. Be2 Qh2 23. Qc5+ Qd6 24. Qc2 Bd7 25. f3 Qe5 
26. Qd3 c5 27. Qc2 Ra4 28. Qxc5+ Qxc5 29. Rxc5 Rxa2 30. Rc3 e5 31. Bd3 Rd2 
32. h5 Kf8 33. Bc4 f5 34. exf5 Bxf5 35. g4 Rc2 36. Rxc2 Bxc2 37. h6 Ke7 
38. Ke2 Kf6 39. Ke3 Kg6 40. Kd2 Ba4 41. Ke3 f6 42. Bd3+ Kxh6 43. f4 Bc6 
44. fxe5 fxe5 45. g5+ Kxg5 46. Bxh7 Kh4 47. Bf5 1/2-1/2

[Event "Monday 02 April Rapid Engine Tour 12+1 Rounds 9 Starts 1600ST"]
[Site "Infinity Chess"]
[Date "2018.4.2"]
[Round "7"]
[White "ocirema"]
[Black "beka"]
[Result "1/2-1/2"]
[ECO "B90"]
[WhiteElo "2431"]
[BlackElo "2383"]
[WhiteEngine "stockfish_18040103_x64_modern_CTG"]
[BlackEngine "stockfish_18032408_32bit"]
[EventType "Swiss"]
[WhiteTeam ""]
[BlackTeam ""]
[PlyCount "140"]
[TimeControl "720+1"]

1. e4 c5 2. Nf3 d6 3. d4 cxd4 4. Nxd4 Nf6 5. Nc3 a6 6. Be3 e5 7. Nb3 Be6 
8. f3 Nbd7 9. Qd2 b5 10. g4 b4 11. Nd5 Bxd5 12. exd5 Nb6 13. a3 Nfxd5 
14. Bxb6 Nxb6 15. axb4 Be7 16. Bxa6 h5 17. Qd3 hxg4 18. fxg4 Kf8 19. O-O Bg5 
20. c4 Bf4 21. h3 Qh4 22. Rf3 d5 23. cxd5 Rh6 24. Qe4 Rd6 25. Nc5 Nxd5 
26. Raf1 Ra7 27. Bb7 Nf6 28. Qf5 Ne8 29. Qc8 Qe7 30. Bc6 Rd8 31. Qf5 Kg8 
32. Qc2 Nd6 33. Rd1 Rc8 34. Bd5 Rb8 35. Re1 Qh4 36. Nd3 Rxb4 37. Ref1 Rb5 
38. Nxf4 exf4 39. Qd2 Rc7 40. Rd3 g5 41. Bg2 Ne8 42. Qe2 Rb8 43. b4 Qh6 
44. Rd5 Ng7 45. Qe5 Ne6 46. b5 Qg7 47. Rfd1 Rcc8 48. Qxg7+ Kxg7 49. Rf5 Rc5 
50. Rxc5 Nxc5 51. Bc6 Nb3 52. Rd7 Na5 53. Rd5 f6 54. Rc5 Kf8 55. Be4 Nb3 
56. Rd5 Ke7 57. h4 gxh4 58. Kg2 Ra8 59. b6 Rb8 60. Rb5 Nd4 61. Rb4 Ne6 
62. b7 Ng5 63. Bc6 f3+ 64. Bxf3 Nxf3 65. Kxf3 Kd6 66. Rb6+ Kc5 67. Rxf6 Rxb7 
68. g5 Rb4 69. g6 Kd5 70. g7 Rb3+ 1/2-1/2

[Event "Monday 02 April Rapid Engine Tour 12+1 Rounds 9 Starts 1600ST"]
[Site "Infinity Chess"]
[Date "2018.4.2"]
[Round "7"]
[White "RonWeasley"]
[Black "hafaba"]
[Result "1/2-1/2"]
[ECO "D11"]
[WhiteElo "2440"]
[BlackElo "2413"]
[WhiteEngine "BrainFish 010418 WM_CTG"]
[BlackEngine "Eman 1.70-beta13 64-bit POPCNT"]
[EventType "Swiss"]
[WhiteTeam ""]
[BlackTeam ""]
[PlyCount "138"]
[TimeControl "720+1"]

1. d4 d5 2. c4 c6 3. Nf3 e6 4. Nc3 dxc4 5. a4 Nf6 6. e3 c5 7. Bxc4 Nc6 
8. O-O Be7 9. Qe2 cxd4 10. Rd1 O-O 11. Nxd4 Qc7 12. Ncb5 Qb8 13. b3 Ne5 
14. Ba3 Bxa3 15. Nxa3 b6 16. f3 Bb7 17. Qe1 a6 18. Qg3 h6 19. Bf1 Rc8 20. e4 Kh7 
21. Ne2 Kg8 22. Nd4 Kh7 23. Nac2 Qc7 24. Ne3 Nh5 25. Qf2 Rab8 26. Qh4 Nf6 
27. Qf2 g5 28. Ra2 Nh5 29. Rc2 Qe7 30. Rcd2 Rd8 31. Ndc2 Nf4 32. Nc4 Nxc4 
33. Bxc4 b5 34. axb5 axb5 35. Bf1 Rxd2 36. Qxd2 Bc6 37. Qd6 Qa7+ 38. Qd4 Qxd4+ 
39. Rxd4 Be8 40. Rd2 Ng6 41. Kf2 Kg7 42. g3 Ne7 43. Be2 Nc6 44. f4 Kf6 
45. Ne3 gxf4 46. gxf4 Ne7 47. Rc2 Bc6 48. Bd3 Kg7 49. Rc5 Rd8 50. Ke2 Ng6 
51. Ng2 Ne7 52. Ne1 f5 53. exf5 exf5 54. Bxf5 Nxf5 55. Rxf5 Bd5 56. b4 Bc4+ 
57. Ke3 Rd1 58. Nf3 Rb1 59. Rc5 Rxb4 60. Rc7+ Kg8 61. f5 Rb2 62. Nd2 Rc2 
63. Rc6 Rc3+ 64. Kf4 Rc2 65. Nxc4 Rxc4+ 66. Rxc4 bxc4 67. Ke4 Kg7 68. h4 Kf6 
69. h5 Ke7 1/2-1/2